 Dungeon Crawl Stone Soup version 0.30-a0-723-gc1506a1cf0 (webtiles) character file.

Game seed: 1200087230590701990

81 funkygono the Covered (level 4, 0/29 HPs)
             Began as a Gargoyle Fighter on Jan 28, 2023.
             Slain by a gnoll
             ... wielding a +0 whip
              (2 damage)
             ... on level 2 of the Dungeon.
             The game lasted 00:03:18 (1139 turns).

funkygono the Covered (Gargoyle Fighter)            Turns: 1139, Time: 00:03:19

Health: 0/29       AC: 11    Str: 21    XL:     4   Next: 42%
Magic:  4/4        EV:  9    Int:  9    God:
Gold:   79         SH:  4    Dex:  9    Spells: 3/3 levels left

rFire   . . .      SeeInvis .    a - +0 flail
rCold   . . .      Faith    .    c - +0 buckler
rNeg    + . .      Spirit   .    b - +0 scale mail
rPois   ∞          Reflect  .    l - +0 helmet
rElec   +          Harm     .    (no cloak)
rCorr   .          Rampage  .    (no gloves)
Will    .....                    (no boots) Stlth
                                 (no amulet)
HPRegen 0.24/turn                (no ring)
MPRegen 0.09/turn                (no ring)

@: no status effects
A: sickness immunity, AC +3, negative energy resistance 1, electricity
resistance, torment resistance 1, petrification resistance
a: no special abilities


You were on level 2 of the Dungeon.
You visited 1 branch of the dungeon, and saw 3 of its levels.

You collected 79 gold pieces.

Inventory:

Hand Weapons
 a - a +0 flail (weapon)
Missiles
 k - 3 datura-tipped darts (quivered)
 n - 2 throwing nets
Armour
 b - a +0 scale mail (worn)
 c - a +0 buckler (worn)
 l - a +0 helmet (worn)
Scrolls
 e - a scroll of teleportation {unknown}
 g - a scroll of vulnerability {unknown}
 h - a scroll of brand weapon {unknown}
Potions
 d - a potion of might
 f - a potion of degeneration {unknown}
 i - a potion of magic {unknown}
 j - a potion of lignification {unknown}
 m - a potion of heal wounds {unknown}


   Skills:
 + Level 3.8 Fighting
 + Level 3.1 Maces & Flails
 + Level 0.1 Throwing
 + Level 4.0 Armour
 + Level 0.8 Dodging
 + Level 3.4 Shields


You had 3 spell levels left.
You didn't know any spells.
Your spell library contained the following spells:

 Spells                   Type           Power      Damage    Failure   Level
 Beastly Appendage        Tmut           0%         N/A       80%         1
 Freeze                   Ice            0%         1d3       80%         1
 Wereblood                Tmut           0%         N/A       91%         2
 Frozen Ramparts          Ice            0%         1d1       99%         3
 Hailstorm                Conj/Ice       0%         3d3       99%         3
 Spider Form              Tmut/Pois      0%         N/A       99%         3


Dungeon Overview and Level Annotations

Branches:
Dungeon (3/15)

Altars:

Shops:
D:2 (


Innate Abilities, Weirdness & Mutations

You are immune to sickness and miasma.
Your stone body is resilient. (AC +3)
You are immune to poison.
You resist negative energy. (rN+)
You are resistant to electric shocks. (rElec)
You are resistant to unholy torment.
You are immune to petrification.


Message History

There is a stone staircase leading down here.
You climb downwards.
The gnoll hits you with a +0 flail. The gnoll hits you but does no damage.
The gnoll barely misses you.
There is a stone staircase leading up here.
The gnoll closely misses you. The gnoll hits you with a +0 whip!
The gnoll barely misses you.
You climb upwards.
There is a stone staircase leading down here.
You hit the gnoll.
The gnoll is lightly wounded.
The gnoll closely misses you.
The gnoll hits you but does no damage. x2
You sock the gnoll!
The gnoll is almost dead.
The gnoll barely misses you. x2; The gnoll hits you with a +0 flail.
The gnoll hits you but does no damage. The gnoll hits you with a +0 flail.
The gnoll hits you but does no damage.
You closely miss the gnoll.
The gnoll is severely wounded.
The gnoll hits you but does no damage. The gnoll hits you with a +0 flail.
The gnoll barely misses you.
You closely miss the gnoll.
The gnoll is severely wounded.
The gnoll hits you but does no damage. The gnoll misses you.
The gnoll closely misses you.
You barely miss the gnoll.
The gnoll is severely wounded.
You block the gnoll's attack. The gnoll hits you but does no damage.
The gnoll hits you with a +0 flail!
* * * LOW HITPOINT WARNING * * *
You hit the gnoll but do no damage.
The gnoll is severely wounded.
The gnoll hits you but does no damage. The gnoll completely misses you.
The gnoll hits you but does no damage. x2; The gnoll closely misses you. x2
You sock the gnoll!
You kill the gnoll!
The gnoll hits you but does no damage. x2
You hit the gnoll.
The gnoll is moderately wounded.
The gnoll hits you with a +0 whip.
You die...

###...........................#
#####....................##.#.#
##...#.........................#
##.......................#.∩.####
#....>...............#.......#
#.......#........##.#####..#.#
........#######...#.######...#
##.....#########..#....#...###
#........).....)@g....##.###
...............g)..####♣.♣
#...............#...## #.#
........####.........###.#
.#.....##.....#.>.....#♣.♣
.##...###.....######..##.#
.###### #.....# #.###.# ##
#####.....# #.# ♣.♣
#####.........# #.###.#


You could see 2 gnolls.

Vanquished Creatures
  2 gnolls (D:2)
  2 adders (D:2)
  2 dart slugs (D:1)
  3 ball pythons
  6 bats
  5 endoplasms
  A giant cockroach (D:1)
  3 hobgoblins (D:1)
  2 jackals (D:1)
  2 kobolds
  5 frilled lizards
  4 goblins
  3 rats
40 creatures vanquished.

Vanquished Creatures (collateral kills)
  A hobgoblin (D:2)
1 creature vanquished.

Grand Total: 41 creatures vanquished

Notes
Turn   | Place    | Note
-------+----------+-------------------------------------------
     0 | D:1      | funkygono the Gargoyle Fighter began the quest for the Orb.
     0 | D:1      | Reached XP level 1. HP: 14/14 MP: 1/1
   109 | D:1      | Found a faded altar of an unknown god.
   117 | D:1      | Reached XP level 2. HP: 18/19 MP: 2/2
   317 | D:1      | Reached XP level 3. HP: 20/24 MP: 3/3
   863 | D:2      | Found Paefa's Antique Weapon Boutique.
   905 | D:2      | Reached skill level 4 in Armour
   905 | D:2      | Reached XP level 4. HP: 29/29 MP: 4/4
  1136 | D:2      | HP: 1/29 [gnoll/+0 flail (8)]
  1139 | D:2      | Slain by a gnoll

Illustrated notes

Levels and vault maps discovered:
D:1:      psy_arrival_basics, layout_basic, hellmonk_ecumenical_altar_run_dry
D:2:      layout_rooms, serial_shops, nicolae_shop_stone,
          amcnicky_mini_corridor_feature, fountainhead, minmay_misc_feat_room
D:3:      layout_rooms, mainiacjoe_overflow_boulevard, ebering_ghost_sewer_f,
          uniq_terence, uniq_robin

Skill      XL: |  1  2  3  4 |
---------------+-------------+-----
Armour         | 4 |  4.0
Maces & Flails | 3 |  3.1
Fighting       | |  3.8
Throwing       | |  0.1
Dodging        | |  0.8
Shields        | |  3.4

Action                     |  1- 3 |  4- 6 || total
---------------------------+-------+-------++-------
  Melee: Flail             |   128 |    19 ||   147
  Throw: Dart              |    12 |     2 ||    14
 Armour: Scale mail        |    89 |    20 ||   109
  Dodge: Dodged            |    86 |    21 ||   107
  Block: Buckler           |    32 |     5 ||    37

Table legend: (Time is in decaauts)
 A = Elapsed time spent in this place.
 B = Non-inter-level travel time spent in this place.
 C = Inter-level travel time spent in this place.
 D = Time resting spent in this place.
 E = Time spent auto-exploring this place.
 F = Levels seen in this place.
 G = Mean time per level.
                   A        B        C        D        E       F      G
               +--------+--------+--------+--------+--------+-----+--------+
         Total |   1189 |   1139 |     50 |      0 |    747 |   3 |  396.3 |
       Dungeon |   1189 |   1139 |     50 |      0 |    747 |   3 |  396.3 |
               +--------+--------+--------+--------+--------+-----+--------+

Top non-repeatable levels by time:
     D:1: 631 daAuts
     D:2: 553 daAuts
     D:3: 4 daAuts
